Map: Moonlight Madness LE (Void)

Players

desRow - Winner!

  • Race: Protoss Protoss
  • League: Diamond

EverZtelecoM (telecom)

  • Race: Zerg Zerg
  • League: Master

Event: ASL Season 5 Prime League LOTV Beta

VOD

Have the link to the VOD?

Description

Time

  • Played on: Sept. 5, 2015, 11:26 p.m.
  • Length: 7:21

All games in this series

Show
View Real Time Build Order
Export as new Build Order

desRow Protoss - Winner!

Build Orders:  

Get SALT Encoding   

  12  0:00  Probe (Chrono Boost)  
  13  0:11  Probe (Chrono Boost)  
  14  0:20  Pylon  
  14  0:21  Probe (Chrono Boost)  
  15  0:38  Probe (Chrono Boost)  
  15  0:41  Gateway  
  16  0:46  Assimilator  
  16  0:48  Probe (Chrono Boost)  
  17  0:58  Probe (Chrono Boost)  
  17  0:59  Pylon  
  18  1:08  Probe (Chrono Boost)  
  19  1:18  Gateway  
  19  1:19  Probe (Chrono Boost)  
  20  1:29  Cybernetics Core  
  20  1:30  Probe (Chrono Boost)  
  21  1:41  Probe (Chrono Boost)  
  22  1:51  Probe (Chrono Boost)  
  23  2:01  Probe (Chrono Boost)  
  24  2:02  Warp Gate (Chrono Boost)  
  24  2:06  Adept (Chrono Boost)  
  24  2:07  Adept (Chrono Boost)  
  28  2:11  Probe  
  29  2:20  Pylon  
  29  2:28  Nexus  
  29  2:35  Mothership Core (Chrono Boost)  
  31  2:42  Assimilator  
  33  2:51  Adept x2  
  33  2:58  Probe (Chrono Boost)  
  36  3:10  Probe  
  37  3:22  Probe  
  37  3:24  Robotics Facility  
  37  3:25  Gateway  
  38  3:29  Pylon  
  38  3:34  Probe (Chrono Boost)  
  39  3:40  Probe (Chrono Boost)  
  40  3:45  Probe (Chrono Boost)  
  41  3:50  Probe (Chrono Boost)  
  41  3:55  Probe (Chrono Boost)  
  43  3:56  Adept x2  
  43  4:00  Probe (Chrono Boost)  
  48  4:05  Probe (Chrono Boost)  
  48  4:08  Pylon  
  48  4:09  Forge  
  49  4:16  Probe (Chrono Boost)  
  50  4:23  Probe (Chrono Boost)  
  51  4:24  Stalker  
  51  4:25  Stalker  
  51  4:27  Warp Prism (Chrono Boost)  
  57  4:31  Probe (Chrono Boost)  
  57  4:32  Probe (Chrono Boost)  
  57  4:33  Assimilator  
  57  4:38  Sentry  
  61  4:39  Assimilator  
  61  4:49  Probe  
  62  4:54  Immortal (Chrono Boost)  
  66  5:02  Stalker x2, Protoss Ground Weapons Level 1 (Chrono Boost)  
  70  5:07  Pylon  
  70  5:18  Adept  
  66  5:25  Adept  
  66  5:26  Adept  
  64  5:36  Immortal  
  60  5:43  Adept  
  60  5:44  Probe  
  60  5:46  Probe  
  63  5:50  Adept x2  
  63  5:56  Probe (Chrono Boost)  
  68  5:58  Probe (Chrono Boost)  
  69  6:04  Pylon  
  69  6:05  Pylon  
  69  6:07  Probe (Chrono Boost)  
  70  6:19  Pylon  
  70  6:22  Probe x2 (Chrono Boost)  
  70  6:24  Adept x3  
  78  6:32  Probe x2 (Chrono Boost)  
  80  6:34  Twilight Council  
  80  6:39  Pylon  
  80  6:46  Adept x2  
  80  6:47  Adept  
  80  6:50  Probe (Chrono Boost)  
  79  7:12  Adept x3  
Show
View Real Time Build Order
Export as new Build Order

EverZtelecoM Zerg 

Build Orders: Hatch First 

Get SALT Encoding   

  12  0:01  Drone  
  13  0:08  Drone  
  14  0:16  Overlord  
  14  0:25  Drone, Extractor  
  15  0:35  Drone x2  
  17  0:44  Drone  
  18  0:57  Hatchery  
  18  0:59  Drone  
  18  1:08  Extractor  
  17  1:15  Spawning Pool  
  17  1:18  Drone  
  17  1:21  Drone  
  18  1:27  Drone  
  19  1:38  Drone  
  20  1:48  Overlord  
  20  2:02  Queen  
  20  2:07  Zergling x2  
  23  2:09  Drone, Queen  
  23  2:11  Metabolic Boost  
  23  2:13  Drone  
  27  2:20  Drone  
  27  2:22  Drone  
  29  2:32  Overlord, Drone  
  30  2:43  Drone x2  
  31  2:53  Zergling x2  
  31  2:54  Zergling x2  
  31  2:55  Roach Warren  
  31  2:56  Spine Crawler  
  31  3:03  Zergling x2  
  31  3:05  Zergling x2  
  33  3:09  Zergling x6  
  36  3:16  Zergling x2  
  36  3:18  Drone  
  36  3:19  Drone x3  
  41  3:27  Drone  
  41  3:30  Drone  
  43  3:38  Overlord  
  43  3:40  Roach  
  43  3:43  Overlord  
  43  3:45  Drone  
  44  3:49  Overlord  
  44  3:58  Roach x4  
  44  4:00  Overlord  
  51  4:09  Roach  
  54  4:10  Roach  
  54  4:12  Roach  
  54  4:14  Roach x2  
  54  4:15  Roach  
  62  4:20  Roach x2  
  62  4:24  Drone x2  
  68  4:34  Drone x2  
  68  4:36  Extractor  
  68  4:48  Zergling x4  
  68  4:51  Zergling x6  
  68  4:52  Hatchery, Zergling x2  
  72  4:53  Zergling x2  
  72  4:54  Zergling x2  
  72  4:58  Zergling x4  
  74  5:05  Queen  
  76  5:09  Spore Crawler  
  76  5:11  Overlord  
  73  5:20  Zergling x8  
  69  5:28  Zergling x4  
  69  5:29  Zergling x4  
  69  5:31  Zergling x2  
  69  5:33  Zergling x2  
  65  5:38  Drone, Queen  
  62  5:44  Drone  
  62  5:47  Drone  
  60  5:50  Drone x3  
  60  5:55  Drone x2  
  59  5:57  Drone x2  
  59  6:02  Evolution Chamber  
  60  6:05  Roach  
  60  6:08  Roach  
  64  6:12  Queen  
  64  6:16  Roach  
  68  6:19  Roach  
  68  6:20  Roach  
  68  6:22  Roach  
  68  6:25  Roach  
  76  6:27  Roach  
  76  6:30  Roach  
  76  6:31  Roach  
  81  6:37  Overlord x2  
  81  6:46  Overlord  
  81  6:47  Overlord x2  
  78  6:59  Roach x5  
  84  7:02  Zergling x2  
  84  7:03  Zergling x4  
Tags
 
Add a new tag
Caveats
  • Supply blocks, unpowered buildings, or Contaminate may cause inaccurate times.
  • Supply counts are checked every 10 seconds.